 Dungeon Crawl Stone Soup version 0.30.0 (webtiles) character file.

Game seed: 15654425116167673397

126326 GnoME the Severer (level 16, -1/112 HPs)
             Began as a Gargoyle Fighter on May 6, 2023.
             Was the Champion of Okawaru.
             Blown up by an orb spider (33 damage)
             ... with an orb of destruction
             ... on level 2 of the Spider Nest.
             The game lasted 01:29:43 (25483 turns).

GnoME the Severer (Gargoyle Fighter)               Turns: 25483, Time: 01:29:43

Health: -1/112     AC: 50    Str: 29    XL:     16   Next: 98%
Magic:  23/23      EV: 19    Int:  8    God:    Okawaru [******]
Gold:   1072       SH:  8    Dex:  7    Spells: 15/15 levels left

rFire   + . .        a - +2 broad axe (venom)
rCold   + + +        v - +2 buckler {rC+}
rNeg    + . .        W - +9 shadow dragon scales "Humolity" {rPois Stlth++++}
rPois   ∞            g - +2 helmet
rElec   +            s - +1 cloak {Stlth+}
rCorr   .            X - +1 pair of gloves
SInv    .            q - +2 pair of boots
Will    +....        C - amulet of regeneration
Stlth   +++          r - ring of the Hare {EV+10}
HPRegen 1.18/turn    T - ring "Odoless" {Drain Fly rF+ rC+++ Dex-2}
MPRegen 0.18/turn

%: no passive effects
@: flying, hasted, very quick
A: sickness immunity, AC +12, big wings, negative energy resistance 1,
electricity resistance, torment resistance 1, petrification resistance
a: Renounce Religion, Heroism, Finesse, Duel


You were on level 2 of the Spider Nest.
You worshipped Okawaru.
Okawaru was exalted by your worship.
You visited 5 branches of the dungeon, and saw 25 of its levels.
You also visited: Ice Cave.

You collected 2505 gold pieces.
You spent 1433 gold pieces at shops.

Inventory:

Hand Weapons
 a - a +2 broad axe of venom (weapon)
   (Okawaru gifted it to you on level 14 of the Dungeon)
 b - a +1 demon trident of venom
   (Okawaru gifted it to you in an ice cave)
 c - the +6 hand crossbow of Calculation {drain, rC+ rCorr SInv}
   (Okawaru gifted it to you on level 15 of the Dungeon)

   rC:        It protects you from cold.
   SInv:      It lets you see invisible.
   rCorr:     It protects you from acid and corrosion.
Missiles
 j - 5 javelins (quivered)
 n - 3 atropa-tipped darts
 F - 24 poisoned darts
 K - 4 curare-tipped darts
 R - 4 silver javelins
Armour
 g - a +2 helmet (worn)
   (You bought it in a shop on level 2 of the Orcish Mines)
 q - a +2 pair of boots (worn)
   (You found it on level 3 of the Lair of Beasts)
 s - a +1 cloak of stealth (worn)
   (You bought it in a shop on level 2 of the Orcish Mines)
 v - a +2 buckler of cold resistance (worn)
   (You found it in an ice cave)
 W - the +9 shadow dragon scales "Humolity" (worn) {rPois Stlth++++}
   (Okawaru gifted it to you on level 1 of the Orcish Mines)

   rPois:     It protects you from poison.
   Stlth:     It makes you much more stealthy.
 X - a +1 pair of gloves (worn)
   (You found it on level 12 of the Dungeon)
Jewellery
 d - a ring of see invisible
   (You took it off an orc on level 7 of the Dungeon)
 r - the ring of the Hare (left hand) {EV+10}
   (You found it on level 3 of the Dungeon)

   [ring of evasion]

   EV:        It affects your evasion (+10).
 C - an amulet of regeneration (around neck)
   (You found it on level 15 of the Dungeon)
 H - an amulet of the acrobat
   (You found it on level 2 of the Spider Nest)
 I - a ring of protection from fire
   (You found it on level 11 of the Dungeon)
 T - the ring "Odoless" (right hand) {Drain Fly rF+ rC+++ Dex-2}
   (You took it off an orc warrior on level 12 of the Dungeon)

   [ring of protection from fire]

   Dex:       It affects your dexterity (-2).
   rF:        It protects you from fire.
   rC:        It renders you almost immune to cold.
   Fly:       It grants you flight.
   Drain:     It drains your maximum health when unequipped.
Wands
 w - a wand of mindburst (6)
   (You found it on level 4 of the Lair of Beasts)
 y - a wand of digging (6)
   (You found it on level 4 of the Lair of Beasts)
 B - a wand of acid (2)
   (You found it on level 13 of the Dungeon)
 G - a wand of roots (11)
   (You found it on level 2 of the Lair of Beasts)
 P - a wand of paralysis (20)
   (You found it on level 10 of the Dungeon)
Scrolls
 f - 5 scrolls of magic mapping
 i - a scroll of identify
 l - 11 scrolls of teleportation
 m - 6 scrolls of poison
 o - 6 scrolls of blinking
 t - 3 scrolls of fog
 u - 3 scrolls of fear
 J - a scroll of torment
 O - 2 scrolls of amnesia
 Q - 2 scrolls of noise
 U - 4 scrolls of silence
 Z - a scroll of summoning
Potions
 e - a potion of brilliance
 h - 18 potions of curing
 k - 6 potions of attraction
 p - 2 potions of ambrosia
 x - 2 potions of berserk rage
 z - 4 potions of lignification
 A - 7 potions of haste
 D - a potion of invisibility
 E - 5 potions of heal wounds
 L - 3 potions of mutation
 M - 4 potions of resistance
 V - 2 potions of cancellation


   Skills:
 * Level 16.9 Fighting
 - Level 18.0 Axes
 + Level 12.4 Armour
 - Level 11.6 Shields
 + Level 10.3 Invocations


You had 15 spell levels left.
You didn't know any spells.
Your spell library contained the following spells:

 Spells                   Type           Power      Damage    Failure   Level
 Beastly Appendage        Tmut           0%         N/A       87%         1
 Foxfire                  Conj/Fire      0%         2x1d4     87%         1
 Necrotise                Necr           0%         1d4       87%         1
 Sting                    Tmut/Pois      0%         1d3       87%         1
 Blink                    Tloc           0%         N/A       95%         2
 Lesser Beckoning         Tloc           0%         N/A       95%         2
 Momentum Strike          Conj/Tloc      0%         3d8       95%         2
 Poisonous Vapours        Pois/Air       0%         N/A       95%         2
 Wereblood                Tmut           0%         N/A       95%         2
 Dazzling Flash           Conj/Hex       0%         N/A       99%         3
 Ignite Poison            Fire/Tmut/Pois 0%         N/A       99%         3
 Ozocubu's Armour         Ice            0%         N/A       99%         3
 Portal Projectile        Hex/Tloc       0%         N/A       99%         3
 Spider Form              Tmut/Pois      0%         N/A       99%         3
 Vhi's Electric Charge    Tloc/Air       0%         N/A       99%         3
 Manifold Assault         Tloc           0%         N/A       100%        4
 Olgreb's Toxic Radiance  Pois           0%         N/A       100%        4
 Passage of Golubria      Tloc           0%         N/A       100%        4
 Agony                    Necr           0%         N/A       100%        5
 Arcjolt                  Conj/Air       0%         1d10      100%        5
 Blade Hands              Tmut           0%         N/A       100%        5
 Fireball                 Conj/Fire      0%         3d3       100%        5
 Freezing Cloud           Conj/Ice/Air   0%         6-21      100%        5
 Silence                  Hex/Air        0%         N/A       100%        5
 Yara's Violent Unravell  Hex/Tmut       0%         3d3       100%        5
 Dispersal                Tloc           0%         N/A       100%        6
 Plasma Beam              Fire/Air       0%         2x1d11    100%        6
 Starburst                Conj/Fire      0%         6d3       100%        6
 Ozocubu's Refrigeration  Ice            0%         4d7       100%        7
 Disjunction              Tloc           0%         N/A       100%        8
 Cigotuvi's Dreadful Rot  Necr/Pois/Air  Unusable   N/A       N/A         2
 Tukima's Dance           Hex            Unusable   N/A       N/A         3
 Animate Dead             Necr           Unusable   N/A       N/A         4
 Haunt                    Necr/Summ      Unusable   N/A       N/A         7

Dungeon Overview and Level Annotations

Branches:
Dungeon (15/15)            Temple (1/1) D:4            Lair (5/5) D:10
 Shoals (0/4) Lair:3       Spider (2/4) Lair:3        Slime (0/5) Lair:4
    Orc (2/2) D:12            Elf (0/3) Orc:2        Vaults (0/5) D:13
 Depths (0/4) D:15          IceCv (visited)

Altars:
Ashenzari
Cheibriados
Dithmenos
Elyvilon
Fedhas
Gozag
Hepliaklqana
Kikubaaqudgha
Makhleb
Nemelex Xobeh
Okawaru
Qazlal
Ru
Sif Muna
Trog
Uskayaw
Vehumet
Wu Jian
Xom
Yredelemnul
Zin
The Shining One
Jiyva

Shops:
D:8 ([[*[   D:14 !   Orc:1 [   Orc:2 =*[!

Annotations:
Spider:1 3 runed translucent doors, GonguanaGonguana's ghost, adept AtDe


Innate Abilities, Weirdness & Mutations

You are immune to sickness and miasma.
Your stone body is resilient. (AC +12)
You are immune to poison.
Your large and strong wings let you fly.
You resist negative energy. (rN+)
You are resistant to electric shocks. (rElec)
You are resistant to unholy torment.
You are immune to petrification.


Message History

The entropy weaver completely misses you.
You slice the entropy weaver!!
The entropy weaver is moderately wounded.
You slash the entropy weaver!
The entropy weaver is heavily wounded.
You slash the redback!
The redback is poisoned.
The redback bites you but does no damage.
The entropy weaver casts a spell at you.
The entropic weave corrodes you!
You slash the entropy weaver!
The entropy weaver is heavily wounded.
You closely miss the redback. The redback completely misses you.
The entropy weaver hits you but does no damage.
The entropy weaver hits you. The entropy weaver closely misses you.
The entropy weaver hits you.
You take 7 damage, and have 105/112 hp.
You hit the entropy weaver.
The entropy weaver is poisoned.
The entropy weaver is heavily wounded.
You closely miss the redback. The redback misses you.
The entropy weaver hits you but does no damage.
The entropy weaver closely misses you.
The entropy weaver hits you but does no damage. x2
The redback bites you but does no damage.
You hit the entropy weaver but do no damage.
The entropy weaver is heavily wounded.
You barely miss the redback.
The entropy weaver completely misses you.
The entropy weaver closely misses you.
You block the entropy weaver's attack. x2
The redback misses you.
You closely miss the entropy weaver.
The entropy weaver is severely wounded.
You slash the redback!
The redback looks as sick as possible!
You kill the redback!
Okawaru accepts your kill.
The entropy weaver hits you but does no damage. x3
The entropy weaver barely misses you.
You barely miss the entropy weaver.
The entropy weaver is severely wounded.
The entropy weaver misses you. You block the entropy weaver's attack.
The entropy weaver hits you but does no damage.
The entropy weaver closely misses you.
You slice the entropy weaver!!
The entropy weaver is almost dead.
The entropy weaver barely misses you.
The entropy weaver hits you but does no damage.
The entropy weaver closely misses you. You block the entropy weaver's attack.
You slice the entropy weaver!!
You kill the entropy weaver!
Okawaru accepts your kill.
No target in view!
You are no longer corroded.
A culicivora comes into view. x2
Health restored: 112
There are monsters nearby!
Unknown command.
A culicivora and an orb spider come into view.
Found 19 gold pieces.
You see here 14 gold pieces.
You now have 1072 gold pieces (gained 14).
The culicivora bites you but does no damage.
You miss the culicivora.
The culicivora bites you but does no damage.
You miss the culicivora.
The culicivora's many legs skitter faintly.
The orb spider's many legs skitter faintly.
The culicivora barely misses you.
You slice the culicivora!!
The culicivora looks as sick as possible!
The culicivora is almost dead.
You hear a faint skittering sound.
You kill the culicivora!
Okawaru accepts your kill.
A broodmother comes into view.
A culicivora comes into view.
The culicivora bites you but does no damage.
You see here a culicivora corpse.
The culicivora's many legs skitter faintly.
You slash the culicivora!
The culicivora looks as sick as possible!
The culicivora is heavily wounded.
An orb spider comes into view.
The culicivora bites you but does no damage.
You hit the culicivora.
The culicivora looks as sick as possible!
The culicivora is severely wounded.
The culicivora bites you but does no damage.
You slash the culicivora!
You kill the culicivora!
Okawaru accepts your kill.
You barely miss the culicivora. You block the culicivora's attack.
You miss the culicivora.
The culicivora bites you but does no damage.
The orb spider spins a strand of pure energy.
You cut the culicivora into ribbons!!!
You kill the culicivora!
Okawaru accepts your kill.
You slice the culicivora!!
The culicivora bites you but does no damage.
You slice the culicivora!!
You kill the culicivora!
Okawaru accepts your kill.
You hit the broodmother.
The broodmother is poisoned.
The broodmother bites you but does no damage.
The orb spider weaves a glowing orb of energy.
An orb of destruction comes into view.
You slice the broodmother!!
The broodmother is lightly wounded.
You slice the broodmother!!
The broodmother is heavily wounded.
The broodmother closely misses you.
You slash the broodmother!
The broodmother looks as sick as possible!
The broodmother is heavily wounded.
The orb of destruction hits you!
The broodmother bites you but does no damage.
The orb spider spins a strand of pure energy.
You take 17 damage, and have 95/112 hp.
You hit the broodmother.
The broodmother looks as sick as possible!
The broodmother is heavily wounded.
The broodmother closely misses you.
You slice the broodmother!!
The broodmother looks as sick as possible!
The broodmother is almost dead.
The broodmother bites you but does no damage.
You slash the broodmother!
The broodmother looks as sick as possible!
The broodmother is almost dead.
The broodmother bites you but does no damage.
The orb spider weaves a glowing orb of energy.
An orb of destruction comes into view.
You slice the broodmother!!
You kill the broodmother!
Okawaru accepts your kill. The orb of destruction hits you!!!!
Ouch! That really hurt!
* * * LOW HITPOINT WARNING * * *
The orb spider pulsates with a strange energy.
You see here a culicivora corpse.
You take 71 damage, and have 27/112 hp.
MASSIVE DAMAGE!!
Okay, then.
Unknown command.
You feel yourself speed up.
The orb spider pulsates with a strange energy.
You regained 2 hp, and now have 29/112 hp.
The orb spider weaves a glowing orb of energy.
An orb of destruction comes into view.
The orb spider weaves a glowing orb of energy.
The orb of destruction hits you!!
You die...

#.......#.........# #..
#.......#.........#####..
#...................##..##
#.......#...........##..##
#.^.....######...........##
#.......##.#####....#.#....
##.....##....#####....#....
#.######.....^###.#.##....
###..###...@......#...##....
#....s*...☼...........##....
......!†.○.^....)....###....
.......†○○.^.........####...
.......s°..............#....
............####...####.....
##.$.....#### ##...# ##.###
#.....### # ##..#.# #^##.
#....# ..#..##.# #..##


You could see 2 orb spiders.

Vanquished Creatures
  Agnes (D:14)
  An emperor scorpion (Spider:2)
  3 broodmothers
  A reaper (IceCv)
  Nessos (Orc:1)
  2 entropy weavers (Spider:2)
  A fire dragon (D:15)
  6 hydras
  Fannar (Lair:2)
  An ice dragon (D:15)
  A jorogumo (Spider:2)
  5 centaur warriors
  4 ogre magi
  18 two-headed ogres
  7 catoblepae
  8 death yaks (Lair:5)
  4 radroaches
  3 boulder beetles
  3 skysharks
  Sonja (Orc:2)
  4 pharaoh ants
  6 skeletal warriors
  2 deep trolls (Orc:1)
  3 orb spiders
  2 orc knights
  2 steelbarb worms
  3 orc sorcerers
  4 wolf spiders
  13 ugly things
  5 cyclopes
  A salamander (shapeshifter) (D:15)
  2 manticores (Lair:5)
  13 elephants
  A moth of wrath (shapeshifter) (D:14)
  A moth of wrath (Spider:1)
  3 black mambas
  2 ice statues (IceCv)
  3 demonic crawlers
  4 centaur skeletons (D:13)
  3 torpor snails
  Psyche (D:10)
  9 cane toads
  A yaktaur (D:13)
  2 rime drakes
  A gargoyle (D:12)
  A kobold demonologist (D:12)
  6 ice devils (IceCv)
  2 unseen horrors (D:12)
  A rime drake (shapeshifter) (D:13)
  5 komodo dragons
  An efreet (D:14)
  A freezing wraith (IceCv)
  11 trolls
  12 tarantellas
  6 polar bears
  6 hornets
  A snapping turtle (Lair:3)
  8 jumping spiders (Spider:2)
  14 blink frogs
  14 dream sheep
  10 slime creatures
  16 culicivoras
  2 shadows
  A wraith (D:13)
  4 wyverns
  2 water elementals
  2 basilisks
  58 yaks
  Eustachio (D:5)
  A steam dragon (D:8)
  17 redbacks
  6 vampire mosquitoes
  Edmund (D:5)
  A warg (Orc:1)
  3 death yak simulacra (IceCv)
  2 harpy simulacra (IceCv)
  An acid dragon (D:10)
  8 water moccasins
  4 black bears
  2 floating eyes (D:10)
  An ice beast (D:8)
  20 orc warriors
  A sky beast (D:7)
  25 ogres
  5 boggarts (D:15)
  7 centaurs
  14 wolves
  A phantom (D:7)
  A kobold brigand (D:6)
  13 bullfrogs
  A two-headed ogre simulacrum (IceCv)
  A cane toad simulacrum (IceCv)
  7 scorpions
  11 killer bees
  7 electric eels
  12 howler monkeys
  2 crimson imps
  6 jellies
  A centaur zombie (D:4)
  11 orc priests
  2 hounds
  A gnoll bouda (D:8)
  7 iguanas
  A sleepcap (D:5)
  28 orc wizards
  2 scorpion zombies (D:4)
  A spriggan simulacrum (IceCv)
  A polar bear simulacrum (IceCv)
  2 troll simulacra (IceCv)
  A wolf simulacrum (IceCv)
  4 gnolls (D:7)
  5 adders
  3 naga simulacra (IceCv)
  8 white imps
  7 ufetubi
  An adder zombie (D:4)
  4 dart slugs
  79 orcs
  4 ball pythons
  9 endoplasms
  6 giant cockroaches
  10 goblins
  14 hobgoblins
  5 jackals
  2 quokkas
  12 bats
  5 frilled lizards
  2 goblin zombies (D:5)
  3 hobgoblin zombies (D:5)
  11 kobolds
  3 kobold skeletons (D:5)
  An orc skeleton (D:5)
  A quokka zombie (D:4)
  2 rats (D:1)
  2 butterflies (D:4)
790 creatures vanquished.

Vanquished Creatures (others)
  A ghost moth (Spider:1)
  An orc (Orc:2)
  42 fungi
  59 plants
103 creatures vanquished.

Grand Total: 893 creatures vanquished

Notes
Turn   | Place    | Note
-------+----------+-------------------------------------------
     0 | D:1      | GnoME the Gargoyle Fighter began the quest for the Orb.
     0 | D:1      | Reached XP level 1. HP: 14/14 MP: 1/1
    56 | D:1      | Reached skill level 2 in Axes
    56 | D:1      | Reached XP level 2. HP: 19/19 MP: 2/2
   290 | D:1      | Reached XP level 3. HP: 24/24 MP: 3/3
   303 | D:1      | Found a faded altar of an unknown god.
  1016 | D:2      | Reached XP level 4. HP: 29/29 MP: 4/4
  1565 | D:3      | Reached XP level 5. HP: 34/34 MP: 5/5
  1567 | D:3      | Reached skill level 3 in Axes
  1617 | D:3      | Found a blossoming altar of Fedhas.
  1709 | D:3      | Found the ring of the Hare {EV+10}
  1848 | D:3      | Found a stormy altar of Qazlal.
  2164 | D:4      | Found a basalt altar of Yredelemnul.
  2178 | D:4      | Reached XP level 6. HP: 40/40 MP: 6/6
  2283 | D:4      | Found a staircase to the Ecumenical Temple.
  2294 | Temple   | Entered the Ecumenical Temple
  2395 | D:4      | Found a snail-covered altar of Cheibriados.
  2590 | D:4      | Reached skill level 5 in Fighting
  2822 | D:5      | Entered Level 5 of the Dungeon
  2918 | D:5      | Found a shadowy altar of Dithmenos.
  2931 | D:5      | Noticed Eustachio
  3108 | D:5      | Found a glowing golden altar of the Shining One.
  3160 | D:4      | Reached skill level 4 in Axes
  3160 | D:4      | Reached XP level 7. HP: 41/44 MP: 7/7
  3298 | D:5      | Killed Eustachio
  3486 | D:5      | Reached skill level 5 in Shields
  3530 | D:5      | Reached skill level 5 in Armour
  3729 | D:5      | Reached XP level 8. HP: 47/52 MP: 8/8
  4101 | D:5      | Reached skill level 5 in Axes
  4137 | D:5      | Noticed Edmund
  4164 | D:5      | Killed Edmund
  4541 | D:6      | Found an ancient bone altar of Kikubaaqudgha.
  4737 | D:6      | Noticed a hornet
  4744 | D:6      | Killed a hornet
  4745 | D:6      | Reached skill level 6 in Axes
  4745 | D:6      | Reached XP level 9. HP: 45/59 MP: 9/9
  5323 | D:7      | Found a bloodstained altar of Trog.
  5348 | D:7      | Found a shimmering altar of Xom.
  5351 | D:7      | Found a white marble altar of Elyvilon.
  5354 | D:7      | Found an iron altar of Okawaru.
  5358 | D:7      | Became a worshipper of Warmaster Okawaru
  5744 | D:7      | Reached * piety under Okawaru
  5745 | D:7      | Reached skill level 7 in Axes
  6280 | D:8      | Reached XP level 10. HP: 44/66 MP: 10/10
  6359 | D:8      | Found Haos Xae's Antique Armour Boutique.
  6362 | D:8      | Found Araneo Byti's General Store.
  6371 | D:8      | Bought a scroll of teleportation for 42 gold pieces
  6441 | D:8      | Found Sanab's Antique Armour Boutique.
  6471 | D:8      | Reached skill level 1 in Invocations
  6614 | D:8      | Found Fain's Armour Boutique.
  6772 | D:8      | Reached ** piety under Okawaru
  6828 | D:8      | Found an ornate altar of the Wu Jian Council.
  6855 | D:8      | Found Tacwoza's Antique Weapon Shop.
  7498 | D:9      | Found a viscous altar of Jiyva.
  7730 | D:9      | Noticed a two-headed ogre
  7745 | D:9      | Killed a two-headed ogre
  7746 | D:9      | Reached skill level 10 in Fighting
  7746 | D:9      | Reached skill level 8 in Axes
  7846 | D:9      | Reached *** piety under Okawaru
  8284 | D:10     | Entered Level 10 of the Dungeon
  8294 | D:10     | Found an opulent altar of Gozag.
  8552 | D:10     | Paralysed by a floating eye for 4 turns
  8558 | D:10     | Paralysed by a floating eye for 4 turns
  8575 | D:10     | Noticed an orc sorcerer
  8816 | D:10     | Noticed an orange demon
  8817 | D:10     | Noticed a sixfirhy
  8819 | D:10     | Killed an orc sorcerer
  8820 | D:10     | Reached XP level 11. HP: 44/73 MP: 13/13
  9047 | D:10     | Reached **** piety under Okawaru
  9340 | D:10     | Reached skill level 9 in Axes
  9528 | D:10     | Noticed Psyche
  9540 | D:10     | Killed Psyche
  9555 | D:10     | Found a sacrificial altar of Ru.
  9606 | D:10     | Found a staircase to the Lair.
  9610 | D:10     | Reached ***** piety under Okawaru
  9774 | Lair:1   | Entered Level 1 of the Lair of Beasts
 10004 | Lair:1   | You fall into a shaft and drop 1 floor!
 10770 | Lair:2   | Noticed a seven-headed hydra
 10782 | Lair:1   | Reached skill level 5 in Invocations
 10975 | Lair:2   | Noticed a skyshark
 10989 | Lair:2   | Killed a skyshark
 10990 | Lair:2   | Reached XP level 12. HP: 71/81 MP: 12/15
 11230 | Lair:2   | Noticed Fannar
 11260 | Lair:2   | Killed a seven-headed hydra
 11261 | Lair:2   | Reached skill level 10 in Axes
 12098 | D:11     | Reached ****** piety under Okawaru
 12395 | D:10     | Received a gift from Okawaru
 12740 | D:11     | You fall into a shaft and drop 1 floor!
 12804 | D:12     | Identified the ring "Odoless" {Drain Fly rF+ rC+++ Dex-2}
 13705 | D:12     | Noticed a two-headed ogre
 13713 | D:12     | Killed a two-headed ogre
 13844 | D:12     | Noticed a two-headed ogre
 13856 | D:12     | Killed a two-headed ogre
 13857 | D:12     | Reached skill level 11 in Axes
 14393 | D:12     | Noticed a soul eater
 14489 | D:12     | Found a staircase to the Orcish Mines.
 14620 | Orc:1    | Entered Level 1 of the Orcish Mines
 14642 | Orc:1    | Reached XP level 13. HP: 87/88 MP: 16/18
 14659 | D:12     | Reached skill level 10 in Shields
 14927 | Orc:1    | Found Loafushi's Antique Armour Shoppe.
 15036 | Orc:1    | Reached skill level 10 in Armour
 15223 | Orc:2    | Entered Level 2 of the Orcish Mines
 15225 | Orc:2    | Noticed Nessos
 15226 | Orc:2    | Noticed Sonja
 15257 | Orc:1    | Killed Nessos
 15257 | Orc:1    | Received a gift from Okawaru
 15582 | Orc:2    | Killed Sonja
 15618 | Orc:2    | Found a staircase to the Elven Halls.
 15770 | Orc:2    | Found Nozanaegh's Distillery.
 15810 | Orc:1    | Identified the +9 shadow dragon scales "Humolity" {rPois
                  | Stlth++++} (Okawaru gifted it to you on level 1 of the
                  | Orcish Mines)
 15810 | Orc:1    | Received a gift from Okawaru
 16301 | Orc:2    | Reached skill level 12 in Axes
 16379 | Orc:2    | Found Hutiall's Armour Boutique.
 16405 | Orc:2    | Found Emaess's Assorted Antiques.
 16427 | Orc:2    | Found Sonufem's Jewellery Emporium.
 16429 | Orc:2    | Found an iron altar of Okawaru.
 16480 | Orc:2    | Bought 2 potions of curing for 60 gold pieces
 16480 | Orc:2    | Bought a potion of resistance for 100 gold pieces
 16480 | Orc:2    | Bought a potion of curing for 30 gold pieces
 16490 | Orc:2    | Bought a scroll of blinking for 232 gold pieces
 16490 | Orc:2    | Bought a scroll of identify for 62 gold pieces
 16490 | Orc:2    | Bought a scroll labelled NEHAHO AFIPLO for 31 gold pieces
 16659 | Orc:2    | Bought a +2 helmet for 198 gold pieces
 16659 | Orc:2    | Bought a +1 cloak of stealth for 198 gold pieces
 16806 | D:13     | Gained mutation: Your large and strong wings let you fly.
                  | [Gargoyle growth]
 16806 | D:13     | Reached XP level 14. HP: 87/96 MP: 20/20
 16914 | D:13     | Found a shimmering altar of Xom.
 16914 | D:13     | Found a shimmering altar of Xom.
 16914 | D:13     | Found a shimmering altar of Xom.
 16914 | D:13     | Found a shimmering altar of Xom.
 16914 | D:13     | Found a shimmering altar of Xom.
 16915 | D:13     | Found a shimmering altar of Xom.
 16915 | D:13     | Found a shimmering altar of Xom.
 16915 | D:13     | Found a shimmering altar of Xom.
 16996 | D:13     | Received a gift from Okawaru
 17282 | D:13     | Reached skill level 15 in Fighting
 17680 | D:13     | Found a gate to the Vaults.
 18483 | D:14     | Received a gift from Okawaru
 18484 | D:14     | Reached skill level 13 in Axes
 18594 | D:14     | Received a gift from Okawaru
 18685 | D:14     | Noticed Agnes
 18710 | D:14     | Killed Agnes
 18797 | D:14     | Found Luetuehe's Distillery.
 18808 | D:14     | Bought a potion of haste for 150 gold pieces
 18808 | D:14     | Bought a potion of curing for 45 gold pieces
 18808 | D:14     | Bought a potion of mutation for 120 gold pieces
 18808 | D:14     | Bought a potion of heal wounds for 75 gold pieces
 18808 | D:14     | Bought a potion of curing for 45 gold pieces
 18808 | D:14     | Bought a potion of curing for 45 gold pieces
 19186 | D:15     | Entered Level 15 of the Dungeon
 19316 | D:15     | Found a broken altar of Ashenzari.
 19579 | D:15     | Identified the +6 hand crossbow of Calculation {drain, rC+
                  | rCorr SInv} (Okawaru gifted it to you on level 15 of the
                  | Dungeon)
 19579 | D:15     | Received a gift from Okawaru
 19586 | D:15     | Reached skill level 14 in Axes
 19586 | D:15     | Reached XP level 15. HP: 97/103 MP: 21/21
 20047 | D:15     | Found a staircase to the Depths.
 20297 | Lair:2   | Killed Fannar
 20890 | Lair:3   | Reached skill level 15 in Axes
 20962 | Lair:3   | Found a frozen archway.
 20972 | IceCv    | Entered an ice cave
 21159 | IceCv    | Received a gift from Okawaru
 21518 | Lair:3   | Found a hole to the Spider Nest.
 21613 | Lair:3   | Got the Notes on Fever and the Autopsy
 21656 | Lair:3   | Found a staircase to the Shoals.
 22156 | Lair:4   | Found a viscous altar of Jiyva.
 22157 | Lair:4   | Found a staircase to the Slime Pits.
 22248 | Lair:4   | Reached skill level 16 in Axes
 22654 | Lair:5   | Entered Level 5 of the Lair of Beasts
 22732 | Lair:5   | Identified the +1 plate armour of the Candlemaker {Rampage
                  | SInv Stlth+} (Okawaru gifted it to you on level 5 of the
                  | Lair of Beasts)
 22732 | Lair:5   | Received a gift from Okawaru
 23243 | Lair:5   | Reached skill level 17 in Axes
 23246 | Lair:5   | Reached XP level 16. HP: 100/108 MP: 22/22
 24009 | Spider:1 | Entered Level 1 of the Spider Nest
 24012 | Spider:1 | Reached skill level 18 in Axes
 24113 | Spider:1 | Noticed GonguanaGonguana's ghost (adept AtDe)
 24114 | Spider:1 | Found a runed translucent gate.
 24115 | Spider:1 | Found a runed translucent gate.
 24115 | Spider:1 | Found a runed translucent gate.
 24410 | Spider:1 | Received a gift from Okawaru
 25105 | Spider:2 | Reached skill level 10 in Invocations
 25284 | Spider:2 | Received a gift from Okawaru
 25483 | Spider:2 | Blown up by an orb spider

Illustrated notes

Levels and vault maps discovered:
D:1:      eino_arrival_water_cross, layout_loops_ring,
          hellmonk_ecumenical_altar_inner_sanctum, serial_park_tiny_pond,
          nicolae_titane
D:2:      layout_loops_ring
D:3:      layout_basic, nicolae_qazlal_eye_of_the_storm, fedhas_altar_3
D:4:      layout_loops_ring, nicolae_yredelemnul_corpse_copse,
          mainiacjoe_overflow_boulevard, minmay_temple_entry_butterflies,
          serial_glass, glass_columns_a, glass_columns_b, kennysheep_nub
D:5:      layout_loops_ring, nicolae_tso_besieged_by_evil,
          nicolae_dithmenos_shadow_blocks, minmay_fire_ice_demons,
          uniq_eustachio, uniq_sigmund, uniq_edmund
D:6:      layout_loops_cross, mainiacjoe_overflow_24_doors, minivault_11
D:7:      old_forge, layout_basic, grunt_temple_overflow_cloverleaf,
          serial_glass, glass_columns_c, glass_columns_a, glass_columns_c,
          glass_columns_b, glass_columns_b, glass_columns_c, glass_columns_a,
          glass_columns_a, minmay_stone_trees_small
D:8:      layout_basic, mainiacjoe_overflow_paths, serial_shops, shop,
          shop_fountains, nicolae_stop_n_shop_1, shop,
          nicolae_inconvenience_store, st_stairs_13
D:9:      layout_small_grid, jiyva_altar_1
D:10:     hellmonk_paralyzer, layout_basic, nicolae_ru_the_path_less_chosen,
          mainiacjoe_overflow_brackets, grunt_lair_entry_orc_guard_hut,
          uniq_psyche
D:11:     layout_basic
D:12:     layout_cave_pods, orc_0_dummy
D:13:     layout_long_grid, hangedman_vaults_entry_quadrant_bands,
          xom_shifter_show
D:14:     layout_basic, serial_bayou, serial_bayou_pond_e, serial_bayou_pond_b,
          serial_bayou_lagoon_b, serial_bayou_pond_e, serial_shops,
          nicolae_diamond_shop, serial_bayou_ford_a, minmay_statues_item,
          uniq_agnes
D:15:     grunt_enter_depths_hoard, layout_loops_ring,
          nicolae_ashenzari_panopticon
Temple:   hellmonk_temple_rainy
Lair:1:   layout_long_grid
Lair:2:   layout_hall_layers, st_stairs_7, grunt_megastairs_3, uniq_fannar
Lair:3:   layout_gridlike, minmay_shoals_entry_hut,
          hellmonk_spider_entry_life_and_decay, portal_ice_cave_entry_pillars_1,
          serial_bayou_shore_a
Lair:4:   layout_roguey, slime_entry_1, minivault_26, serial_bayou_pond_b
Lair:5:   evilmike_catoblepas_cave, layout_regular_city, serial_bayou_lagoon_a
Spider:1: layout_spider_delve, gammafunk_ghost_split, nicolae_spider_shape
Spider:2: layout_chambers, nicolae_spider_bug_shape
Orc:1:    layout_diamond_mine, serial_shops, nicolae_shop_trees,
          nicolae_orc_crystal_geode
Orc:2:    st_orc_open, layout_diamond_mine, okawaru_metal_pillars_3, uniq_sonja,
          uniq_nessos

Skill      XL: |  1  2  3  4  5  6  7  8  9 10 11 12 13 14 15 16 |
---------------+-------------------------------------------------+-----
Axes           | 2 3 4 6 7 8 9 11 12 14 17 18 | 18.0
Fighting       | 4 5 6 7 9 10 12 13 14 15 16 | 16.9
Shields        | 4 5 6 7 8 9 10 11 | 11.6
Armour         | 4 5 6 7 8 9 10 11 12 | 12.4
Invocations    | 3 5 6 8 9 10 | 10.3

Action                     |  1- 3 |  4- 6 |  7- 9 | 10-12 | 13-15 | 16-18 || total
---------------------------+-------+-------+-------+-------+-------+-------++-------
  Melee: War axe           |   111 |   195 |   426 |   786 |   700 |       ||  2218
         Whip              |       |       |       |     8 |       |       ||     8
         Broad axe         |       |       |       |       |   506 |   450 ||   956
         Demon trident     |       |       |       |       |    42 |       ||    42
  Throw: Boomerang         |       |       |     3 |    11 |       |       ||    14
         Dart              |       |       |       |     5 |       |       ||     5
         Javelin           |       |       |       |     1 |       |       ||     1
 Invoke: Heroism           |       |       |       |    10 |     3 |       ||    13
         Finesse           |       |       |       |       |     2 |       ||     2
    Use: Scroll            |       |       |     7 |     6 |    10 |     6 ||    29
         Potion            |       |       |     3 |     2 |       |     1 ||     6
   Stab: Invisible         |       |       |     1 |       |       |       ||     1
         Sleeping          |       |       |       |       |     7 |     6 ||    13
         Petrified         |       |       |       |       |    11 |     7 ||    18
         Petrifying        |       |       |       |       |       |     1 ||     1
 Armour: Scale mail        |    57 |    66 |    48 |       |       |       ||   171
         Chain mail        |       |       |    98 |   100 |       |       ||   198
         Plate armour      |       |       |       |   189 |    93 |       ||   282
         Shadow dragon sca |       |       |       |       |   553 |   243 ||   796
  Dodge: Dodged            |    60 |   170 |   501 |   745 |  1163 |   325 ||  2964
  Block: Buckler           |    20 |    56 |   134 |   244 |   403 |   174 ||  1031
